 Dungeon Crawl Stone Soup version 0.22.1-1-ga44c0e56f4 (webtiles) character file.

800 keeners the Grappler (level 7, -7/66 HPs)
             Began as a Troll Monk on Nov 9, 2018.
             Was an Elder of Wu Jian.
             Mangled by Circulus's ghost (8 damage)
             ... on level 5 of the Dungeon.
             The game lasted 00:18:27 (2792 turns).

keeners the Grappler (Troll Monk)                   Turns: 2792, Time: 00:18:27

Health: -7/66      AC:  5    Str: 25    XL:     7   Next: 59%
Magic:  6/6        EV: 10    Int:  6    God:    Wu Jian [****..]
Gold:   233        SH:  0    Dex: 12    Spells: 6/6 levels left

rFire    . . .     SeeInvis .     - Unarmed
rCold    . . .     Gourm    +   (no shield)
rNeg     . . .     Faith    .   B - +0 robe
rPois    .         Spirit   .   (helmet restricted)
rElec    .         Reflect  .   x - scarf {repulsion}
rCorr    .         Harm     .   (gloves unavailable)
MR       .....                  (boots unavailable)
Stlth    +.........             y - amulet of the gourmand
HPRegen  0.61/turn              t - +3 ring of strength
MPRegen  0.10/turn              (no ring)

@: drained, repel missiles
A: large, unfitting armour, claws 3, fast metabolism 3, gourmand, regeneration
1, shaggy fur 1, tough skin 2
a: Wall Jump, Serpent's Lash, Renounce Religion


You were on level 5 of the Dungeon.
You worshipped Wu Jian.
Wu Jian was greatly pleased with you.
You were full.

You visited 1 branch of the dungeon, and saw 5 of its levels.

You collected 233 gold pieces.

Inventory:

Hand Weapons
 d - a +0 hand axe of venom
 g - a +4 mace
 h - a +3 dagger
 r - a +4 hand axe
Missiles
 n - 72 bolts
Armour
 a - a +0 robe
 x - a scarf of repulsion (worn)
 B - a +0 robe (worn)
Magical Staves
 G - an uncursed staff of air {unknown}
Jewellery
 t - a +3 ring of strength (left claw)
 y - an amulet of the gourmand (around neck)
Wands
 w - a wand of digging (14)
 I - a wand of disintegration (11)
Scrolls
 e - 2 scrolls of teleportation {unknown}
 f - a scroll of blinking {unknown}
 k - 5 scrolls of identify {unknown}
 m - a scroll of enchant weapon {unknown}
 q - a scroll of immolation {unknown}
 A - a scroll of magic mapping {unknown}
 D - a scroll of noise {unknown}
 E - a scroll of torment {unknown}
 F - 3 scrolls of remove curse {unknown}
 H - a scroll of fear {unknown}
 J - a scroll of random uselessness {unknown}
Potions
 c - 3 potions of curing {unknown}
 i - 2 potions of magic {unknown}
 j - 3 potions of degeneration {unknown}
 l - a potion of mutation {unknown}
 o - 2 potions of haste {unknown}
 p - a potion of agility {unknown}
 s - a potion of brilliance {unknown}
 u - a potion of resistance {unknown}
 v - a potion of lignification {unknown}
 z - a potion of ambrosia {unknown}
 C - a potion of cancellation {unknown}
Comestibles
 b - 4 rations


   Skills:
 - Level 2.7(1.8) Fighting
 + Level 3.6(2.7) Dodging
 - Level 1.0(0.2) Stealth
 * Level 8.3(7.3) Unarmed Combat


You had 6 spell levels left.
You didn't know any spells.
Your spell library was empty.

Dungeon Overview and Level Annotations

Branches:
Dungeon (5/15)
 Temple: D:4-7

Altars:
Ashenzari
Hepliaklqana
Makhleb
Okawaru
Qazlal
Wu Jian

Annotations:
D:5 1 transporter, Circulus's ghost, novice DDGl


Innate Abilities, Weirdness & Mutations

You are too large for most types of armour.
You have claws for hands.
Your metabolism is lightning-fast.
You like to eat raw meat.
Your natural rate of healing is unusually fast.
You are covered in fur. (AC +1)
You have very tough skin. (AC +2)


Message History

Circulus's ghost is heavily damaged.
Circulus's ghost barely misses you.
You scratch Circulus's ghost but do no damage.
Circulus's ghost is heavily damaged.
Circulus's ghost hits you!
* * * LOW HITPOINT WARNING * * *
You mangle Circulus's ghost!!
Circulus's ghost is almost destroyed.
Circulus's ghost hits you!
* * * LOW HITPOINT WARNING * * *
You spin and attack Circulus's ghost.
You closely miss Circulus's ghost.
Circulus's ghost is almost destroyed.
Circulus's ghost hits you but does no damage.
You see here a leather armour.
Circulus's ghost hits you!
* * * LOW HITPOINT WARNING * * *
You scratch Circulus's ghost but do no damage.
Circulus's ghost is almost destroyed.
Circulus's ghost hits you!
You die...

#.#
#.#.......#.##.
#.# #.##.....##
##. #.#
#.####.### #.#
#.. .... #.#
### #####
#.####
#.#.########
#.#.#....[.#
#.#.#.#.@#.#
#.#.#..##W.#
#.#.#..##..#
#..©#.#..#.#
#...#?...)©#
##.©#?#..#.#
##.#..##..#
#(#..##..#
#.#.#..#.#


You could see Circulus's ghost.

Vanquished Creatures
  Menkaure (D:4)
  An ogre (D:5)
  A howler monkey (D:5)
  A crimson imp (D:5)
  3 orc priests
  A hound (D:5)
  2 orc wizards (D:5)
  2 bullfrog skeletons
  Ijyb (D:3)
  2 worker ants (D:5)
  7 adders
  3 gnolls (D:3)
  2 oozes
  4 worms
  3 dart slugs
  2 leopard geckos
  12 orcs
  6 bats
  3 giant cockroaches
  16 goblins
  4 hobgoblins
  7 jackals
  11 kobolds
  3 quokkas
  2 ball pythons
  2 frilled lizards
  A leopard gecko skeleton (D:4)
  7 rats
110 creatures vanquished.

Notes
Turn   | Place    | Note
-------+----------+-------------------------------------------
     0 | D:1      | keeners the Troll Monk began the quest for the Orb.
     0 | D:1      | Reached XP level 1. HP: 22/22 MP: 0/0
    47 | D:1      | Reached XP level 2. HP: 29/29 MP: 1/1
   449 | D:1      | Reached XP level 3. HP: 29/36 MP: 2/2
   653 | D:2      | Found a hazy altar of Hepliaklqana.
   686 | D:2      | Found an ornate altar of the Wu Jian Council.
   696 | D:2      | Became a worshipper of the Wu Jian Council
   696 | D:2      | Reached * piety under Wu Jian
   696 | D:2      | Reached ** piety under Wu Jian
   706 | D:2      | Reached skill level 4 in Unarmed Combat
   931 | D:2      | Reached XP level 4. HP: 41/44 MP: 3/3
  1282 | D:3      | Reached skill level 5 in Unarmed Combat
  1282 | D:3      | Reached XP level 5. HP: 31/50 MP: 4/4
  1416 | D:3      | Reached *** piety under Wu Jian
  1831 | D:3      | Noticed Ijyb
  1845 | D:3      | Killed Ijyb
  1905 | D:3      | Found a burning altar of Makhleb.
  1905 | D:3      | Noticed a blizzard demon
  1908 | D:3      | Noticed an orange demon
  1908 | D:3      | Noticed a ynoxinul
  2028 | D:4      | Reached skill level 6 in Unarmed Combat
  2042 | D:4      | Noticed Menkaure
  2050 | D:4      | Killed Menkaure
  2050 | D:4      | Reached XP level 6. HP: 35/59 MP: 5/5
  2059 | D:4      | Found an iron altar of Okawaru.
  2331 | D:5      | Entered Level 5 of the Dungeon
  2406 | D:5      | Found a shattered altar of Ashenzari.
  2426 | D:5      | Reached skill level 7 in Unarmed Combat
  2636 | D:5      | Reached XP level 7. HP: 66/66 MP: 6/6
  2664 | D:5      | Found a stormy altar of Qazlal.
  2679 | D:5      | Reached **** piety under Wu Jian
  2696 | D:5      | Reached skill level 8 in Unarmed Combat
  2755 | D:5      | Found a transporter.
  2757 | D:5      | Found a transporter.
  2757 | D:5      | Noticed Circulus's ghost (novice DDGl)
  2791 | D:5      | HP: 1/66 [Circulus's ghost (7)]
  2792 | D:5      | Mangled by Circulus's ghost

Skill      XL: |  1  2  3  4  5  6  7 |
---------------+----------------------+-----
Unarmed Combat | 4 5 6 7 8 |  8.3
Dodging        | 3 |  3.6
Fighting       | |  2.7
Stealth        | |  1.0

Action                   |  1- 3 |  4- 6 |  7- 9 || total
-------------------------+-------+-------+-------++-------
Melee: Unarmed           |   106 |   154 |    49 ||   309
       Punch             |     2 |     7 |     1 ||    10
Invok: Lunge             |     5 |    18 |     3 ||    26
       Wall Jump         |     2 |    16 |       ||    18
       Whirlwind         |       |     6 |     1 ||     7
 Abil: Wall Jump         |       |     1 |       ||     1
 Stab: Sleeping          |     2 |     2 |       ||     4
  Eat: Ration            |     1 |     4 |       ||     5
       Chunk             |     3 |     1 |     8 ||    12
Armor: Robe              |    26 |    42 |    14 ||    82
Dodge: Dodged            |    39 |    74 |    16 ||   129
